 Dungeon Crawl Stone Soup version 0.19.5 (webtiles) character file.

930 McKennaii the Gusty (level 7, 0/43 HPs)
             Began as a High Elf Air Elementalist on Apr 20, 2017.
             Was an Initiate of Sif Muna.
             Slain by an orc wizard
             ... wielding a +0 dagger
              (4 damage)
             ... on level 8 of the Dungeon.
             The game lasted 00:18:15 (5200 turns).

McKennaii the Gusty (High Elf Air Elementalist)     Turns: 5200, Time: 00:18:16

Health: 0/43       AC:  3    Str:  7    XL:     7   Next: 86%
Magic:  6/16       EV: 14    Int: 21    God:    Sif Muna [......]
Gold:   145        SH:  0    Dex: 16    Spells: 3 memorised, 12 levels left

rFire  . . .     SeeInvis .     t - +0 falchion
rCold  . . .     Gourm    .     a - +0 robe
rNeg   . . .     Faith    .     (no shield)
rPois  .         Spirit   .     v - +0 helmet
rElec  .         Reflect  .     (no cloak)
rCorr  .         Harm     .     (no gloves)
MR     .....                    (no boots)
Stlth  ++........               (no amulet)
                                (no ring)
                                (no ring)

@: no status effects
A: no striking features
a: Renounce Religion


You were on level 8 of the Dungeon.
You worshipped Sif Muna.
Sif Muna was noncommittal.
You were not hungry.

You visited 2 branches of the dungeon, and saw 7 of its levels.

You collected 145 gold pieces.

Inventory:

Hand Weapons
 t - a +0 falchion (weapon)
Armour
 a - a +0 robe (worn)
 v - a +0 helmet (worn)
Wands
 u - a wand of confusion (25/48)
Scrolls
 e - a scroll of magic mapping {unknown}
 g - 2 scrolls of fear {unknown}
 h - 2 scrolls of random uselessness {unknown}
 i - 4 scrolls of amnesia {unknown}
 k - 2 scrolls of identify {unknown}
 r - 2 scrolls of immolation {unknown}
 s - a scroll of fog {unknown}
Potions
 d - a potion of cure mutation
 j - 2 potions of might {unknown}
 l - a potion of beneficial mutation {unknown}
 m - a potion of degeneration {unknown}
 o - a potion of curing {unknown}
 p - a potion of resistance
 q - a potion of mutation {unknown}
 w - a potion of ambrosia {unknown}
Books
 b - a book of Air

   Spells                             Type                      Level
   a - Shock                          Conjuration/Air              1
   b - Swiftness                      Charms/Air                   2
   c - Repel Missiles                 Charms/Air                   2
   d - Static Discharge               Conjuration/Air              3
   e - Lightning Bolt                 Conjuration/Air              5
Comestibles
 c - 2 bread rations
 f - 2 meat rations
 n - 2 slices of pizza


   Skills:
 + Level 1.1 Fighting
 + Level 4.1 Dodging
 + Level 3.3 Stealth
 + Level 0.2 Unarmed Combat
 + Level 5.7 Spellcasting
 + Level 4.6 Conjurations
 + Level 6.7 Air Magic


You had 12 spell levels left.
You knew the following spells:

 Your Spells              Type           Power        Failure   Level  Hunger
a - Shock                 Conj/Air       ####         1%          1    None
b - Swiftness             Chrm/Air       ###.....     4%          2    None
c - Repel Missiles        Chrm/Air       ###...       4%          2    None


Dungeon Overview and Level Annotations

Branches:
Dungeon (5/15)             Temple (1/1) D:5

Altars:
Dithmenos
Elyvilon
Fedhas
Gozag
Hepliaklqana
Makhleb
Nemelex Xobeh
Sif Muna
Trog
Uskayaw
Vehumet
Xom
Zin

Annotations:
D:4 happy2pester's ghost, amateur HOFi
D:5 Sigmund


Message History

* * * LOW HITPOINT WARNING * * *
You hear some strange, mumbled words.
A puff of flame appears from out of thin air!
The puff of flame hits you!
* * * LOW HITPOINT WARNING * * *
Okay, then.
You're too confused to cast spells.
You're too confused!
You feel less confused.
You hear some strange, mumbled words.
Something tries to affect you, but you resist.
You hit something but do no damage. Something hits you but does no damage.
You closely miss something. Something barely misses you.
Something hits you but does no damage.
Casting: Shock
Confirm with . or Enter, or press ? or * to list all spells.
Aiming: Shock
Press: ? - help, Shift-Dir - straight line The zap hits something.
Something hits you.
You die...

.p.....
.......
.......
.......
.......
.......
.......####
.........@#
.........{#
##.###....#
#....#
##...)#
#.....#
#.....#
#.....#
....)[...


There were no monsters in sight!

Vanquished Creatures
  2 ogres
  Blork the orc (D:4)
  A hound (D:3)
  A jelly (D:5)
  4 orc wizards
  A gnoll shaman (D:4)
  A centaur skeleton (D:4)
  Jessica (D:2)
  Natasha (thrice) (D:4)
  Terence (D:3)
  An iguana (D:5)
  3 worker ants
  12 adders
  3 gnolls
  A shadow imp (D:5)
  2 oozes (D:2)
  An adder skeleton (D:4)
  2 worms
  2 dart slugs
  3 leopard geckos
  9 orcs
  6 bats
  3 giant cockroaches
  5 goblins (D:2)
  6 hobgoblins
  7 jackals
  2 quokkas (D:2)
  A ball python (D:1)
  4 frilled lizards (D:2)
  13 kobolds
  13 rats
115 creatures vanquished.

Notes
Turn   | Place    | Note
-------+----------+-------------------------------------------
     0 | D:1      | McKennaii the High Elf Air Elementalist began the quest for the Orb.
     0 | D:1      | Reached XP level 1. HP: 11/11 MP: 4/4
     7 | D:1      | Noticed a polar bear
     7 | D:1      | Noticed a wolf
     7 | D:1      | Noticed a water moccasin
     7 | D:1      | Noticed a five-headed hydra
   224 | D:1      | Reached skill level 4 in Air Magic
   586 | D:1      | Reached XP level 2. HP: 17/17 MP: 3/6
   590 | D:1      | Learned a level 2 spell: Swiftness
   593 | D:1      | Learned a level 2 spell: Repel Missiles
  1015 | D:2      | Noticed Jessica
  1037 | D:2      | Killed Jessica
  1037 | D:2      | Reached XP level 3. HP: 15/21 MP: 0/7
  1312 | D:2      | Reached XP level 4. HP: 27/27 MP: 2/9
  1811 | D:3      | Reached skill level 5 in Air Magic
  2030 | D:3      | Noticed Terence
  2031 | D:3      | Reached XP level 5. HP: 31/31 MP: 8/10
  2095 | D:3      | Killed Terence
  2327 | D:3      | Found a sparkling altar of Nemelex Xobeh.
  2329 | D:3      | Found an opulent altar of Gozag.
  2572 | D:4      | Found a hazy altar of Hepliaklqana.
  2580 | D:4      | Noticed Natasha
  2679 | D:3      | Reached XP level 6. HP: 8/36 MP: 5/12
  3245 | D:4      | Noticed happy2pester's ghost (amateur HOFi)
  3343 | D:4      | Noticed Blork the orc
  3360 | D:4      | Killed Natasha
  3472 | D:4      | Killed Blork the orc
  3541 | D:4      | Noticed Natasha
  3545 | D:3      | Reached XP level 7. HP: 4/42 MP: 6/15
  3937 | D:4      | Killed Natasha
  4054 | D:4      | Noticed Natasha
  4141 | D:4      | Killed Natasha
  4436 | D:5      | Entered Level 5 of the Dungeon
  4482 | D:5      | Reached skill level 6 in Air Magic
  4518 | D:5      | Found a staircase to the Ecumenical Temple.
  4587 | Temple   | Entered the Ecumenical Temple
  4621 | Temple   | Became a worshipper of Sif Muna the Loreminder
  4889 | D:5      | Reached skill level 5 in Spellcasting
  4963 | D:5      | Noticed Sigmund
  5162 | D:5      | You fall through a shaft for 3 floors!
  5178 | D:8      | Reached skill level 1 in Fighting
  5200 | D:8      | Slain by an orc wizard

Skill      XL: |  1  2  3  4  5  6  7 |
---------------+----------------------+-----
Air Magic      | 4 5 6 |  6.7
Dodging        | 3 4 |  4.1
Conjurations   | 2 3 4 |  4.6
Spellcasting   | 3 4 5 |  5.7
Stealth        | 3 |  3.3
Fighting       | 1 |  1.1
Unarmed Combat | |  0.2

Action                   |  1- 3 |  4- 6 |  7- 9 || total
-------------------------+-------+-------+-------++-------
Melee: Unarmed           |    37 |     4 |     2 ||    43
       Falchion          |       |       |     5 ||     5
 Cast: Shock             |    65 |   170 |    79 ||   314
       Repel Missiles    |     1 |       |       ||     1
  Use: Potion            |       |     3 |       ||     3
  Eat: Bread ration      |       |     1 |       ||     1
       Meat ration       |       |     1 |     1 ||     2
Armor: Robe              |    10 |    10 |     3 ||    23
Dodge: Dodged            |    54 |    48 |    17 ||   119
       Deflected         |     1 |     2 |     1 ||     4
